 Dungeon Crawl Stone Soup version 0.30.1-8-g117510f58f (webtiles) character file.

Game seed: 15260793443747738506

758 dimizboga the Party-goer (level 7, -2/48 (52) HPs)
             Began as a Demonspawn Monk on Sept 22, 2023.
             Was an Initiate of Uskayaw.
             Slain by a wight
             ... wielding a +4 dagger
              (4 damage)
             ... on level 7 of the Dungeon.
             The game lasted 00:37:24 (3494 turns).

dimizboga the Party-goer (Demonspawn Monk)          Turns: 3494, Time: 00:37:26

HP:   -2/48 (52)    AC: 12    Str: 11    XL:     7   Next: 50%
MP:   8/14          EV:  2    Int: 12    God:    Uskayaw [......]
Gold: 216           SH:  0    Dex: 17    Spells: 6/6 levels left

rFire   + . .        a - +1 falchion
rCold   + . .        d - orb {light}
rNeg    . . .        e - +1 plate armour
rPois   .            (no helmet)
rElec   .            (no cloak)
rCorr   .            (no gloves)
SInv    .            (no boots)
Will    .....        (no amulet) Stlth
                     l - ring of protection from cold
HPRegen 0.28/turn    h - ring of protection from fire
MPRegen 0.14/turn

%: no passive effects
@: glowing, drained
A: powered by death 1, sharp scales 1, weakness stinger 2
a: Renounce Religion


You were on level 7 of the Dungeon.
You worshipped Uskayaw.
Uskayaw was aware of your devotion.
You visited 1 branch of the dungeon, and saw 7 of its levels.

You collected 216 gold pieces.

Inventory:

Hand Weapons
 a - a +1 falchion (weapon)
 j - a +0 trident of pain
Missiles
 g - 3 poisoned darts (quivered)
 t - a throwing net
Armour
 b - a +0 robe
 d - an orb of light (worn)
 e - a +1 plate armour (worn)
Jewellery
 h - a ring of protection from fire (right hand)
 l - a ring of protection from cold (left hand)
Scrolls
 k - a scroll of enchant weapon
 n - a scroll of magic mapping
 r - 2 scrolls of teleportation
Potions
 c - a potion of ambrosia
 f - 2 potions of resistance
 i - 2 potions of heal wounds {unknown}
 m - a potion of haste {unknown}
 o - 2 potions of magic {unknown}
 p - 4 potions of curing
 q - 2 potions of lignification {unknown}
 s - a potion of brilliance {unknown}


   Skills:
 - Level 3.5 Fighting
 - Level 3.5 Long Blades
 - Level 2.6 Dodging
 * Level 10.0 Invocations


You had 6 spell levels left.
You didn't know any spells.
Your spell library contained the following spells:

 Spells                   Type           Power      Damage    Failure   Level
 Apportation              Tloc           0%         N/A       100%        1
 Alistair's Intoxication  Tmut/Pois      0%         N/A       100%        5


Dungeon Overview and Level Annotations

Branches:
Dungeon (8/15)
 Temple: D:4-7         Lair: D:8-11

Altars:
Dithmenos
Okawaru
Uskayaw
Vehumet


Innate Abilities, Weirdness & Mutations

You regenerate a little health from kills.
You are partially covered in razor-sharp scales. (AC +1, Slay +1)
You have a tail ending in a sharp stinger.


Message History

The steam dragon breathes steam at you. The ball of steam hits you. You resist.
A wight comes into view. It is wielding a +4 dagger.
A wight comes into view.
It is wielding a +1 trident of freezing.
A jelly and a wight come into view.
The jelly quivers.
The wight is engulfed in a cloud of scalding steam.
You stomp with the beat, sending a shockwave through the revellers around you!
The steam dragon is heavily wounded.
You destroy the wight!
You can no longer stomp with the beat.
The steam dragon bites you!
The steam dragon claws you but does no damage.
You can now stomp with the beat.
Your Invocations skill increases to level 10!
You stomp with the beat, sending a shockwave through the revellers around you!
The steam dragon is severely wounded.
You can no longer stomp with the beat.
The steam dragon bites you but does no damage.
The steam dragon claws you but does no damage.
The wight hits you from afar with a +1 trident of freezing.
The wight freezes you.
Okay, then.
You hit the steam dragon but do no damage.
The steam dragon is severely wounded.
The steam dragon bites you. The steam dragon claws you.
The wight hits you but does no damage. The wight barely misses you.
You hit the steam dragon.
You kill the steam dragon!
The steam dragon scales are intact enough to wear.
The wight hits you from afar with a +1 trident of freezing.
* * * LOW HITPOINT WARNING * * *
You feel drained.
* * * LOW HITPOINT WARNING * * *
The wight hits you with a +4 dagger!
* * * LOW HITPOINT WARNING * * *
You feel drained.
* * * LOW HITPOINT WARNING * * *
The wight hits you but does no damage. The wight hits you with a +4 dagger.
You die...

#.........# #. #####
#.........######.
.....###..............'.
.....#..........#######.
................# ##
................#
.....z..........#.#
......z)..........#
......J@.[........#
......z...........#
....#.ยงยงยง./.......#
....'....#+#####....
....####.. .### ....
#+#. . ... . .. .


You could see a jelly and 3 wights.

Vanquished Creatures
  Sigmund (D:4)
  A steam dragon (D:7)
  3 ogres
  Blork the orc (D:4)
  A scorpion (D:7)
  A wight (D:7)
  2 iguanas
  3 gnolls (D:5)
  4 adders
  A worm (D:2)
  3 dart slugs
  6 orcs
  2 bats
  8 endoplasms
  4 goblins
  4 hobgoblins
  2 jackals (D:1)
  5 kobolds
  2 quokkas
  9 ball pythons
  4 frilled lizards
  5 rats
72 creatures vanquished.

Notes
Turn   | Place    | Note
-------+----------+-------------------------------------------
     0 | D:1      | dimizboga the Demonspawn Monk began the quest for the Orb.
     0 | D:1      | Reached XP level 1. HP: 18/18 MP: 1/1
   448 | D:1      | Gained mutation: You have a small tail. [demonic ancestry]
   448 | D:1      | Reached XP level 2. HP: 20/24 MP: 2/2
   929 | D:2      | Reached XP level 3. HP: 29/29 MP: 3/3
  1681 | D:3      | Found a hide-covered altar of Uskayaw.
  1682 | D:3      | Found an iron altar of Okawaru.
  1682 | D:3      | Found a shadowy altar of Dithmenos.
  1693 | D:3      | Became a worshipper of Uskayaw the Reveller
  1693 | D:3      | Reached * piety under Uskayaw
  2031 | D:3      | Reached skill level 1 in Invocations
  2057 | D:3      | Found a faded altar of an unknown god.
  2265 | D:4      | Reached ** piety under Uskayaw
  2267 | D:4      | Reached skill level 2 in Invocations
  2269 | D:4      | Noticed Sigmund
  2275 | D:4      | Reached *** piety under Uskayaw
  2277 | D:4      | Reached **** piety under Uskayaw
  2279 | D:4      | Reached XP level 4. HP: 12/35 MP: 4/6
  2288 | D:4      | Reached ***** piety under Uskayaw
  2289 | D:4      | Killed Sigmund
  2290 | D:4      | Reached skill level 6 in Invocations
  2290 | D:4      | Gained mutation: You have a tail ending in a sharp stinger.
                  | [demonic ancestry]
  2290 | D:4      | Reached XP level 5. HP: 21/41 MP: 2/9
  2345 | D:4      | Found a radiant altar of Vehumet.
  2345 | D:4      | Noticed an ogre
  2353 | D:4      | Killed an ogre
  2354 | D:4      | Reached skill level 7 in Invocations
  2354 | D:4      | Gained mutation: You are partially covered in razor-sharp
                  | scales. (AC +1, Slay +1) [demonic ancestry]
  2354 | D:4      | Reached XP level 6. HP: 6/47 MP: 0/11
  2638 | D:4      | Noticed Blork the orc
  2647 | D:4      | Killed Blork the orc
  2932 | D:5      | Entered Level 5 of the Dungeon
  2981 | D:5      | Reached skill level 8 in Invocations
  3040 | D:5      | Gained mutation: You regenerate a little health from kills.
                  | [demonic ancestry]
  3040 | D:5      | Reached XP level 7. HP: 10/52 MP: 8/13
  3202 | D:5      | Reached skill level 9 in Invocations
  3412 | D:5      | You fall into a shaft and drop 3 floors!
  3487 | D:7      | Noticed a steam dragon
  3492 | D:7      | Reached skill level 10 in Invocations
  3494 | D:7      | Killed a steam dragon
  3494 | D:7      | HP: 2/48 [wight/+4 dagger (1)]
  3494 | D:7      | Slain by a wight

Illustrated notes

Levels and vault maps discovered:
D:1:      dpeg_arrival_castle, layout_loops_cross, serial_forest,
          infiniplex_forest_zigzag_1, infiniplex_forest_lined_4_way,
          infiniplex_forest_fountain, infiniplex_forest_lined_2,
          infiniplex_forest_clump_double, infiniplex_forest_clump_medium,
          infiniplex_forest_lined_corner, minmay_misc_feat_iff
D:2:      layout_loops_corners
D:3:      layout_basic, chequers_temple_overflow_statue_of_worship,
          hellmonk_ecumenical_altar_prayer_group
D:4:      layout_basic, mainiacjoe_overflow_tiny_flanked,
          mainiacjoe_overflow_paths, uniq_sigmund, uniq_blork_the_orc
D:5:      layout_basic, kennysheep_dice
D:7:      layout_basic, grunt_temple_overflow_order_and_chaos_2,
          ashenzari_conservatory_becter, mainiacjoe_overflow_catwalk,
          minmay_temple_entry_wispy, serial_shops, nicolae_shop_back_alley_shop,
          item_on_display_a, uniq_maggie
D:8:      layout_cave_pools

Skill      XL: |  1  2  3  4  5  6  7 |
---------------+----------------------+-----
Long Blades    | 3 |  3.5
Invocations    | 2 6 7 8 10 | 10.0
Fighting       | |  3.5
Dodging        | |  2.6

Action                     |  1- 3 |  4- 6 |  7- 9 || total
---------------------------+-------+-------+-------++-------
  Melee: Falchion          |   106 |    51 |    21 ||   178
         Tailslap          |    11 |     8 |     4 ||    23
 Invoke: Stomp             |     1 |     8 |     4 ||    13
         Line Pass         |       |     1 |       ||     1
    Use: Scroll            |    10 |     4 |       ||    14
         Potion            |       |     3 |       ||     3
   Stab: Paralysed         |     1 |       |       ||     1
         Confused          |       |     1 |       ||     1
 Armour: Plate armour      |    72 |    18 |    11 ||   101
         Robe              |     1 |       |       ||     1
  Dodge: Dodged            |    16 |     5 |     2 ||    23
